 Dungeon Crawl Stone Soup version 0.17.0-73-gb648821 (webtiles) character file.

91 Rationalist the Shield-Bearer (level 4, 0/37 HPs)
             Began as a Formicid Fighter on Dec 9, 2015.
             Slain by Grinder (6 damage)
             ... on level 3 of the Dungeon.
             The game lasted 00:04:32 (2267 turns).

Rationalist the Shield-Bearer (Formicid Fighter)    Turns: 2267, Time: 00:04:32

Health: 0/37       AC:  7    Str: 25    XL:     4   Next: 88%
Magic:  4/4        EV:  8    Int:  8    God:
Gold:   127        SH: 10    Dex: 11    Spells: 0 memorised, 3 levels left

rFire  . . .     SeeInvis +     a - +0 war axe
rCold  . . .     Clarity  .     b - +0 scale mail
rNeg   . . .     SustAt   .     c - +0 shield
rPois  .         Gourm    .     (helmet unavailable)
rElec  .         Spirit   .     (no cloak)
rCorr  +         Warding  .     (no gloves)
rMut   .         Stasis   +     (no boots)
MR     .....                    f - amulet of resist corrosion
Stlth  ..........               (no ring)
                                (no ring)

@: mighty, not resistant to hostile enchantments, extremely unstealthy
A: permanent stasis, dig shafts and tunnels, four strong arms, antennae 3
a: Dig, Shaft Self


You were on level 3 of the Dungeon.
You were not hungry.

You visited 1 branch of the dungeon, and saw 3 of its levels.

You collected 127 gold pieces.

Inventory:

Hand Weapons
 a - a +0 war axe (weapon)
 s - a +2 hunting sling of flaming
Missiles
 p - 18 bolts of flame
 v - 25 bolts
Armour
 b - a +0 scale mail (worn)
 c - a +0 shield (worn)
Jewellery
 f - an amulet of resist corrosion (around neck)
Scrolls
 g - a scroll of enchant armour {unknown}
 k - 2 scrolls of magic mapping {unknown}
 m - a scroll of teleportation {unknown}
 n - a scroll of remove curse
 o - a scroll of immolation {unknown}
 q - a scroll of random uselessness {unknown}
 t - a scroll of fog {unknown}
 u - a scroll of enchant weapon {unknown}
Potions
 d - 2 potions of might
 h - a potion of heal wounds
 j - a potion of curing
Comestibles
 e - 4 bread rations
 i - a beef jerky
 l - a slice of pizza
 w - 4 chunks of flesh


   Skills:
 + Level 3.9 Fighting
 + Level 2.4 Axes
 + Level 0.7 Slings
 + Level 3.9 Armour
 + Level 1.0 Dodging
 + Level 4.4 Shields


You had 3 spell levels left.
You didn't know any spells.

Dungeon Overview and Level Annotations

Branches:
Dungeon (3/15)

Altars:

Annotations:
D:3 Grinder


Innate Abilities, Weirdness & Mutations

You are under a permanent stasis effect.
You can dig through walls and to a lower floor.
Your four strong arms can wield two-handed weapons with a shield.
You have a pair of large antennae on your head (SInv).


Message History

Grinder is severely wounded.
Grinder closely misses you.
You closely miss Grinder.
Grinder is severely wounded.
Grinder gestures.
Grinder blinks!
Unknown command.
You hit Grinder.
Grinder is severely wounded.
You block Grinder's attack.
Unknown command.
Drink which item? (? for menu, Esc to quit)
You feel very mighty all of a sudden. Grinder hits you.
You writhe in agony.
You barely miss Grinder.
Grinder is severely wounded.
Grinder hits you!
* * * LOW HITPOINT WARNING * * *
You writhe in agony.
You die...

#. #.##.# .# #. #.##.#
#.# ###.##.##.# #.#
#......##.# #.#
#......##.# #.#
#.....)##.# #.#
#......##.#######.#####
#...(>(..(.............
#....5@##.#######.####.
#......................
.......(##.#######(###.#
##########.# #.# #.# ..#
#.# #.# ### #.# #.#
##.###.# #).....#
#.<....#


You could see Grinder.

Vanquished Creatures
  3 adders
  3 oozes
  A worm (D:2)
  3 giant geckos (D:2)
  An orc (D:3)
  6 bats
  2 giant cockroaches
  2 hobgoblins
  4 jackals
  4 kobolds
  3 quokkas
  7 goblins
  9 rats
48 creatures vanquished.

Notes
Turn   | Place    | Note
--------------------------------------------------------------
     0 | D:1      | Rationalist the Formicid Fighter began the quest for the Orb.
     0 | D:1      | Reached XP level 1. HP: 18/18 MP: 1/1
   194 | D:1      | Reached XP level 2. HP: 16/24 MP: 2/2
   397 | D:1      | Reached XP level 3. HP: 28/30 MP: 3/3
   425 | D:1      | Reached skill level 4 in Shields
  1208 | D:2      | Reached XP level 4. HP: 37/37 MP: 4/4
  2230 | D:3      | Reached skill level 1 in Dodging
  2231 | D:3      | Noticed Grinder
  2267 | D:3      | Slain by Grinder

Action                   |  1- 3 |  4- 6 || total
-------------------------+-------+-------++-------
Melee: War axe           |   102 |    22 ||   124
 Fire: Hunting sling     |     3 |    39 ||    42
 Abil: Dig               |     1 |     3 ||     4
  Use: Scroll            |       |     3 ||     3
       Potion            |       |     3 ||     3
  Eat: Chunk             |     1 |     4 ||     5
